| TOP OF THE 1ST |
|
Bluff City Beasties batting - Pitching for Hartford Whalers : RHP Robert Person
|
|
Pitching: RHP Robert Person
|
|
|
Batting: RHB Dante Powell
|
0-0: Ball 1-0: Ball 2-0: Called Strike 2-1: Foul Ball, location: 2F 2-2: Strikes out swinging
|
|
Batting: LHB Jeff Treadway
|
0-0: Ball 1-0: Swinging Strike 1-1: Ball 2-1: Ball 3-1: Foul Ball, location: 2F 3-2: Strikes out looking
|
|
Batting: SHB Felix Jose
|
0-0: Ball 1-0: Ground out 4-3 (Groundball, 4, EV 88.1 MPH)
|
| Top of the 1st over - 0 runs, 0 hits, 0 errors, 0 left on base; Bluff City 0 - Hartford 0 |
| BOTTOM OF THE 1ST |
|
Hartford Whalers batting - Pitching for Bluff City Beasties : RHP Steve W Sparks
|
|
Pitching: RHP Steve W Sparks
|
|
|
Batting: LHB Todd Dunwoody
|
0-0: Foul Ball, location: 2F 0-1: Called Strike 0-2: Ball 1-2: Ball 2-2: Ball 3-2: Strikes out looking
|
|
Batting: RHB Alex Ochoa
|
0-0: Reached on error, E6 (Groundball, 6, EV 101.3 MPH)
|
|
Batting: SHB Bobby Bonilla
|
0-0: Ball 1-0: Ball 2-0: Ground out 6-3 (Groundball, 6MD, EV 108.8 MPH) Alex Ochoa to third
|
|
Batting: RHB Kurt Abbott
|
0-0: Ball 1-0: Ball 2-0: Ball 3-0: Base on Balls
|
|
Batting: LHB Mark Kotsay
|
0-0: Fly out, F8 (Flyball, 89D, EV 111.3 MPH)
|
| Bottom of the 1st over - 0 runs, 0 hits, 1 error, 2 left on base; Bluff City 0 - Hartford 0 |
| TOP OF THE 2ND |
|
Bluff City Beasties batting - Pitching for Hartford Whalers : RHP Robert Person
|
|
Batting: LHB Paul Sorrento
|
0-0: Called Strike 0-1: Ball 1-1: Called Strike 1-2: Ball 2-2: Strikes out looking
|
|
Batting: RHB George Arias
|
0-0: Ball 1-0: Ball 2-0: Called Strike 2-1: Called Strike 2-2: SOLO HOME RUN (Flyball, 7LD, EV 108.8 MPH), Distance : 344 ft
|
|
Batting: RHB Jeff Manto
|
0-0: Ball 1-0: Called Strike 1-1: Called Strike 1-2: Strikes out swinging
|
|
Batting: RHB Tom Evans
|
0-0: Called Strike 0-1: Fly out, F5 (Popup, 56S, EV 76.3 MPH)
|
| Top of the 2nd over - 1 run, 1 hit, 0 errors, 0 left on base; Bluff City 1 - Hartford 0 |
| BOTTOM OF THE 2ND |
|
Hartford Whalers batting - Pitching for Bluff City Beasties : RHP Steve W Sparks
|
|
Batting: LHB Dave Hansen
|
0-0: Ball 1-0: Ground out 4-3 (Groundball, 4S, EV 83.8 MPH)
|
|
Batting: RHB Kevin Jordan
|
0-0: Ball 1-0: Ball 2-0: Swinging Strike 2-1: Foul Ball, location: 2F 2-2: Fly out, F1 (Line Drive, P, EV 68.1 MPH)
|
|
Batting: LHB Rod Myers
|
0-0: Ball 1-0: Swinging Strike 1-1: Ball 2-1: Ball 3-1: Base on Balls
|
|
Batting: RHB Mike Matheny
|
0-0: Fly out, F9 (Line Drive, 9D, EV 104.4 MPH)
|
| Bottom of the 2nd over - 0 runs, 0 hits, 0 errors, 1 left on base; Bluff City 1 - Hartford 0 |
| TOP OF THE 3RD |
|
Bluff City Beasties batting - Pitching for Hartford Whalers : RHP Robert Person
|
|
Batting: RHB Walt McKeel
|
0-0: Called Strike 0-1: Ball 1-1: Ball 2-1: Called Strike 2-2: Ground out 6-3 (Groundball, 56, EV 107.5 MPH)
|
|
Batting: RHB Pat Watkins
|
0-0: Foul Ball, location: 2F 0-1: Called Strike 0-2: Foul Ball, location: 2F 0-2: Foul Ball, location: 2F 0-2: Ball 1-2: Ball 2-2: Strikes out swinging
|
|
Batting: RHB Dante Powell
|
0-0: Ball 1-0: Called Strike 1-1: Ball 2-1: Ball 3-1: Foul Ball, location: 2F 3-2: Ground out 5-3 (Groundball, 56S, EV 83.1 MPH)
|
| Top of the 3rd over - 0 runs, 0 hits, 0 errors, 0 left on base; Bluff City 1 - Hartford 0 |
| BOTTOM OF THE 3RD |
|
Hartford Whalers batting - Pitching for Bluff City Beasties : RHP Steve W Sparks
|
|
Batting: LHB Todd Dunwoody
|
0-0: Swinging Strike 0-1: Ball 1-1: Fly out, F9 (Flyball, 9S, EV 81.3 MPH)
|
|
Batting: RHB Alex Ochoa
|
0-0: Ball 1-0: Called Strike 1-1: Ball 2-1: Ball 3-1: Foul Ball, location: 2F 3-2: Fly out, F8 (Flyball, 8RXD, EV 90.0 MPH)
|
|
Batting: SHB Bobby Bonilla
|
0-0: Foul Ball, location: 2F 0-1: Ball 1-1: Ground out 6-3 (Groundball, 6S, EV 90.0 MPH)
|
| Bottom of the 3rd over - 0 runs, 0 hits, 0 errors, 0 left on base; Bluff City 1 - Hartford 0 |
| TOP OF THE 4TH |
|
Bluff City Beasties batting - Pitching for Hartford Whalers : RHP Robert Person
|
|
Batting: LHB Jeff Treadway
|
0-0: Ball 1-0: Ball 2-0: Swinging Strike 2-1: Foul Ball, location: 2F 2-2: Strikes out looking
|
|
Batting: SHB Felix Jose
|
0-0: Ball 1-0: Foul Ball, location: 2F 1-1: Swinging Strike 1-2: Foul Ball, location: 2F 1-2: Ball 2-2: SINGLE (Groundball, 56D, EV 95.6 MPH)
|
|
Batting: LHB Paul Sorrento
|
0-0: Called Strike 0-1: 2-RUN HOME RUN (Line Drive, 9D, EV 106.3 MPH), Distance : 373 ft
|
|
Batting: RHB George Arias
|
0-0: Foul Ball, location: 2F 0-1: Ball 1-1: Ball 2-1: Called Strike 2-2: Strikes out looking
|
|
Batting: RHB Jeff Manto
|
0-0: Ball 1-0: Foul Ball, location: 2F 1-1: Foul Ball, location: 2F 1-2: Strikes out swinging
|
| Top of the 4th over - 2 runs, 2 hits, 0 errors, 0 left on base; Bluff City 3 - Hartford 0 |
| BOTTOM OF THE 4TH |
|
Hartford Whalers batting - Pitching for Bluff City Beasties : RHP Steve W Sparks
|
|
Batting: RHB Kurt Abbott
|
0-0: Ball 1-0: Foul Ball, location: 2F 1-1: Fly out, F9 (Flyball, 89D, EV 91.3 MPH)
|
|
Batting: LHB Mark Kotsay
|
0-0: Fly out, F9 (Line Drive, 9D, EV 104.4 MPH)
|
|
Batting: LHB Dave Hansen
|
0-0: Ball 1-0: Ground out 6-3 (Groundball, 6, EV 100.6 MPH)
|
| Bottom of the 4th over - 0 runs, 0 hits, 0 errors, 0 left on base; Bluff City 3 - Hartford 0 |
| TOP OF THE 5TH |
|
Bluff City Beasties batting - Pitching for Hartford Whalers : RHP Robert Person
|
|
Batting: RHB Tom Evans
|
0-0: Ball 1-0: DOUBLE (Line Drive, 9LM, EV 110.6 MPH)
|
|
Batting: RHB Walt McKeel
|
0-0: Foul Ball, location: 2F 0-1: Ball 1-1: Fly out, F8 (Flyball, 89XD, EV 91.9 MPH) Runner from 2nd tags up, SAFE at 3rd, no throw by CF
|
|
Batting: RHB Pat Watkins
|
0-0: SINGLE (Flyball, 8LS, EV 95.0 MPH) Tom Evans scores
|
|
Batting: RHB Dante Powell
|
0-0: Foul Ball, location: 2F 0-1: Foul Ball, location: 2F 0-2: Ball 1-2: Strikes out swinging
|
|
Batting: LHB Jeff Treadway
|
0-0: Called Strike 0-1: Ball 1-1: Called Strike 1-2: Foul Ball, location: 2F 1-2: Foul Ball, location: 2F 1-2: Ball 2-2: SINGLE (Groundball, 4D, EV 101.9 MPH) Pat Watkins to second Runner from 2nd tries for 3rd, SAFE, no throw by CF
|
|
Batting: SHB Felix Jose
|
0-0: Ball 1-0: Called Strike 1-1: Foul Ball, location: 2F 1-2: Fly out, F7 (Flyball, 7LS, EV 93.1 MPH)
|
| Top of the 5th over - 1 run, 3 hits, 0 errors, 2 left on base; Bluff City 4 - Hartford 0 |
| BOTTOM OF THE 5TH |
|
Hartford Whalers batting - Pitching for Bluff City Beasties : RHP Steve W Sparks
|
|
Batting: RHB Kevin Jordan
|
0-0: Foul Ball, location: 2F 0-1: Fly out, F7 (Line Drive, 7, EV 90.6 MPH)
|
|
Batting: LHB Rod Myers
|
0-0: Called Strike 0-1: Ball 1-1: Ball 2-1: Ball 3-1: Base on Balls
|
|
Batting: RHB Mike Matheny
|
0-0: Ball 1-0: Swinging Strike 1-1: Fielders Choice at 2nd, 1-6 (Groundball, 34S, EV 89.4 MPH)
|
|
Batting: LHB Todd Dunwoody
|
0-0: Ball 1-0: Fly out, F9 (Line Drive, 9D, EV 93.1 MPH)
|
| Bottom of the 5th over - 0 runs, 0 hits, 0 errors, 1 left on base; Bluff City 4 - Hartford 0 |
| TOP OF THE 6TH |
|
Bluff City Beasties batting - Pitching for Hartford Whalers : RHP Robert Person
|
|
Pitching: RHP Brad Cornett
|
|
|
Batting: LHB Paul Sorrento
|
0-0: Ball 1-0: Ball 2-0: Ground out 5-3 (Groundball, 56, EV 81.9 MPH)
|
|
Batting: RHB George Arias
|
0-0: Ball 1-0: Ball 2-0: Ball 3-0: Base on Balls
|
|
Batting: RHB Jeff Manto
|
0-0: Ball 1-0: Foul Ball, location: 2F 1-1: Foul Ball, location: 2F 1-2: Foul Ball, location: 2F 1-2: Strikes out swinging
|
|
Batting: RHB Tom Evans
|
0-0: Ball 1-0: Ball 2-0: Called Strike 2-1: Ball 3-1: Foul Ball, location: 2F 3-2: SINGLE (Groundball, 56S, EV 68.1 MPH) (infield hit) George Arias to second
|
|
Batting: RHB Walt McKeel
|
0-0: Foul Ball, location: 2F 0-1: Foul Ball, location: 2F 0-2: Strikes out looking
|
| Top of the 6th over - 0 runs, 1 hit, 0 errors, 2 left on base; Bluff City 4 - Hartford 0 |
| BOTTOM OF THE 6TH |
|
Hartford Whalers batting - Pitching for Bluff City Beasties : RHP Steve W Sparks
|
|
Batting: RHB Alex Ochoa
|
0-0: Foul Ball, location: 2F 0-1: Ball 1-1: Ball 2-1: Swinging Strike 2-2: Foul Ball, location: 2F 2-2: Ball 3-2: Base on Balls
|
|
Batting: SHB Bobby Bonilla
|
0-0: Called Strike 0-1: Swinging Strike 0-2: Ball Wild Pitch! Alex Ochoa to second 1-2: Ball 2-2: Ground out 6-3 (Groundball, 56, EV 103.1 MPH)
|
|
Batting: RHB Kurt Abbott
|
0-0: Ball 1-0: Called Strike 1-1: Swinging Strike 1-2: Ball 2-2: SINGLE (Flyball, 89S, EV 92.5 MPH) Alex Ochoa to third
|
|
Batting: LHB Mark Kotsay
|
0-0: Called Strike 0-1: Called Strike 0-2: Foul Ball, location: 2F 0-2: Foul Ball, location: 2F 0-2: SINGLE (Line Drive, 78S, EV 102.5 MPH) Alex Ochoa scores Kurt Abbott to second
|
|
Batting: LHB Dave Hansen
|
0-0: Called Strike 0-1: Fielders Choice at 2nd, 1-6 (Groundball, P, EV 70.6 MPH) Kurt Abbott to third
|
|
Batting: RHB Kevin Jordan
|
0-0: Fly out, F9 (Flyball, 89D, EV 94.4 MPH)
|
| Bottom of the 6th over - 1 run, 2 hits, 0 errors, 2 left on base; Bluff City 4 - Hartford 1 |
| TOP OF THE 7TH |
|
Bluff City Beasties batting - Pitching for Hartford Whalers : RHP Brad Cornett
|
|
Batting: RHB Pat Watkins
|
0-0: Called Strike 0-1: Ball 1-1: Swinging Strike 1-2: Strikes out looking
|
|
Batting: RHB Dante Powell
|
0-0: Fly out, F8 (Line Drive, 8LM, EV 104.4 MPH)
|
|
Batting: LHB Jeff Treadway
|
0-0: Ball 1-0: Ball 2-0: Ball 3-0: Called Strike 3-1: Swinging Strike 3-2: Ground out U3 (Groundball, 3L, EV 104.4 MPH)
|
| Top of the 7th over - 0 runs, 0 hits, 0 errors, 0 left on base; Bluff City 4 - Hartford 1 |
| BOTTOM OF THE 7TH |
|
Hartford Whalers batting - Pitching for Bluff City Beasties : RHP Steve W Sparks
|
|
Batting: LHB Rod Myers
|
0-0: Ground out U3 (Groundball, 34S, EV 82.5 MPH)
|
|
Batting: RHB Mike Matheny
|
0-0: Called Strike 0-1: Foul Ball, location: 2F 0-2: Ball 1-2: Foul Ball, location: 2F 1-2: Foul Ball, location: 2F 1-2: Reached on error, E8 (Flyball, 8LM, EV 91.3 MPH)
|
|
Batting: LHB Todd Dunwoody
|
0-0: SINGLE (Flyball, 7LS, EV 96.9 MPH) Mike Matheny to second
|
|
Batting: RHB Alex Ochoa
|
0-0: Swinging Strike 0-1: Ball 1-1: Foul Ball, location: 2F 1-2: Ball 2-2: Ball 3-2: Grounds into double play, 6-4-3 (Groundball, 6, EV 83.1 MPH)
|
| Bottom of the 7th over - 0 runs, 1 hit, 1 error, 1 left on base; Bluff City 4 - Hartford 1 |
| TOP OF THE 8TH |
|
Bluff City Beasties batting - Pitching for Hartford Whalers : RHP Brad Cornett
|
|
Batting: SHB Felix Jose
|
0-0: Fly out, F7 (Line Drive, 7D, EV 99.4 MPH)
|
|
Batting: LHB Paul Sorrento
|
0-0: Ball 1-0: Called Strike 1-1: Ground out 4-3 (Groundball, 4, EV 85.0 MPH)
|
|
Batting: RHB George Arias
|
0-0: Foul Ball, location: 2F 0-1: Foul Ball, location: 2F 0-2: Foul Ball, location: 2F 0-2: Ground out 4-3 (Groundball, 4, EV 85.6 MPH)
|
| Top of the 8th over - 0 runs, 0 hits, 0 errors, 0 left on base; Bluff City 4 - Hartford 1 |
| BOTTOM OF THE 8TH |
|
Hartford Whalers batting - Pitching for Bluff City Beasties : RHP Steve W Sparks
|
|
Batting: SHB Bobby Bonilla
|
0-0: Ball 1-0: Ball 2-0: Fly out, F5 (Flyball, 5D, EV 81.9 MPH)
|
|
Batting: RHB Kurt Abbott
|
0-0: Called Strike 0-1: Ball 1-1: Ball 2-1: Foul Ball, location: 2F 2-2: Ball 3-2: Foul Ball, location: 2F 3-2: Strikes out swinging
|
|
Batting: LHB Mark Kotsay
|
0-0: TRIPLE (Flyball, 78XD, EV 113.8 MPH)
|
|
Batting: LHB Dave Hansen
|
0-0: SINGLE (Line Drive, 8LS, EV 102.5 MPH) Mark Kotsay scores
|
|
Batting: RHB Kevin Jordan
|
0-0: Ball 1-0: Foul Ball, location: 2F 1-1: Foul Ball, location: 2F 1-2: Fly out, F8 (Flyball, 8RS, EV 96.3 MPH)
|
| Bottom of the 8th over - 1 run, 2 hits, 0 errors, 1 left on base; Bluff City 4 - Hartford 2 |
| TOP OF THE 9TH |
|
Bluff City Beasties batting - Pitching for Hartford Whalers : RHP Brad Cornett
|
|
Batting: RHB Jeff Manto
|
0-0: Foul Ball, location: 2F 0-1: Ball 1-1: Ball 2-1: Fly out, F9 (Flyball, 9, EV 82.5 MPH)
|
|
Pitching: RHP Brady Raggio
|
|
|
Batting: RHB Tom Evans
|
0-0: Ball 1-0: Foul Ball, location: 2F 1-1: Ball 2-1: Foul Ball, location: 2F 2-2: Strikes out swinging
|
|
Batting: RHB Walt McKeel
|
0-0: Called Strike 0-1: Foul Ball, location: 2F 0-2: Ball 1-2: Ball 2-2: Ball 3-2: Foul Ball, location: 2F 3-2: Foul Ball, location: 2F 3-2: Base on Balls
|
|
Batting: RHB Pat Watkins
|
0-0: Foul Ball, location: 2F 0-1: Foul Ball, location: 2F 0-2: Ball 1-2: Strikes out looking
|
| Top of the 9th over - 0 runs, 0 hits, 0 errors, 1 left on base; Bluff City 4 - Hartford 2 |
| BOTTOM OF THE 9TH |
|
Hartford Whalers batting - Pitching for Bluff City Beasties : RHP Steve W Sparks
|
|
Batting: LHB Rod Myers
|
0-0: Called Strike 0-1: Foul Ball, location: 2F 0-2: Fly out, F9 (Flyball, 9LS, EV 91.3 MPH)
|
|
Pitching: LHP Kevin Wickander
|
|
|
Batting: RHB Mike Matheny
|
0-0: SINGLE (Flyball, 7LS, EV 96.9 MPH)
|
|
Pinch Hitting: SHB Felipe Crespo
|
0-0: Ball Wild Pitch! Mike Matheny to second 1-0: Called Strike 1-1: Foul Ball, location: 2F 1-2: Foul Ball, location: 2F 1-2: Ball 2-2: Ball 3-2: Fly out, F8 (Line Drive, 8LM, EV 103.1 MPH)
|
|
Batting: RHB Alex Ochoa
|
0-0: DOUBLE (Line Drive, 9LS, EV 90.6 MPH) Mike Matheny scores
|
|
Batting: SHB Bobby Bonilla
|
0-0: Ball 1-0: Ball 2-0: Ball 3-0: Called Strike 3-1: Base on Balls
|
|
Batting: RHB Kurt Abbott
|
0-0: Swinging Strike 0-1: Foul Ball, location: 2F 0-2: Strikes out looking
|
| Bottom of the 9th over - 1 run, 2 hits, 0 errors, 2 left on base; Bluff City 4 - Hartford 3 |
|